 Dungeon Crawl Stone Soup version 0.31-a0-174-g85c54bcb58 (webtiles) character file.

Game seed: 2704903452662537878

19079 uvd540 the Basher (level 12, -9/113 HPs)
             Began as a Minotaur Berserker on June 14, 2023.
             Was an Elder of Trog.
             Mangled by an enormous slime creature (61 damage)
             ... on level 12 of the Dungeon on June 15, 2023.
             The game lasted 00:52:22 (11025 turns).

uvd540 the Basher (Minotaur Berserker)             Turns: 11025, Time: 00:52:23

Health: -9/113     AC: 15    Str: 27    XL:     12   Next: 33%
Magic:  0/11       EV: 17    Int:  4    God:    Trog [****..]
Gold:   612        SH:  0    Dex: 10    Spells: 11/11 levels left

rFire   . . .        W - +2 morningstar (vamp)
rCold   + . .        (no shield)
rNeg    . . .        U - +2 chain mail {rC+}
rPois   .            (helmet restricted)
rElec   .            q - scarf {harm}
rCorr   .            (no gloves)
SInv    .            r - +0 pair of boots
Will    ++...        A - amulet of guardian spirit Stlth
                     u - +5 ring of evasion
HPRegen 1.38/turn    R - +4 ring of slaying
MPRegen 0.12/turn

%: harm (+30% outgoing, +20% incoming), guardian spirit
@: strong-willed, regenerating
A: horns 2, retaliatory headbutt
a: Renounce Religion, Berserk, Trog's Hand, Brothers in Arms


You were on level 12 of the Dungeon.
You worshipped Trog.
Trog was greatly pleased with you.
You visited 1 branch of the dungeon, and saw 12 of its levels.

You collected 707 gold pieces.
You spent 95 gold pieces at shops.

Inventory:

Hand Weapons
 a - a +0 hand axe
 c - a +1 heavy spear
 j - a +2 dagger of draining
 l - a +1 dagger of venom
 m - a +7 mace of protection
 t - a +2 dagger of flaming
 v - a +2 battleaxe of draining
 w - a +1 hand axe of flaming
 H - a +0 flail of protection
 T - the +8 sling of Fimbulwinter {drain, rElec Str+3}
   (You found it on level 10 of the Dungeon)

   Str:       It affects your strength (+3).
   rElec:     It insulates you from electricity.
 W - a +2 vampiric morningstar (weapon)
Missiles
 n - 5 javelins (quivered)
 V - a throwing net
Armour
 i - a +0 troll leather armour
 q - a scarf of harm (worn)
 r - a +0 pair of boots (worn)
 x - a +1 leather armour of fire resistance
 B - a +0 chain mail
 L - the +3 scale mail of the Forgotten Spirits {rF- Will++ Regen+ rCorr}
   (You found it on level 8 of the Dungeon)

   rF:        It makes you vulnerable to fire.
   Regen:     It increases your rate of health regeneration.
   rCorr:     It protects you from acid and corrosion.
   Will:      It greatly increases your willpower.
 U - a +2 chain mail of cold resistance (worn)
 Z - a +3 ring mail of willpower
Jewellery
 u - a +5 ring of evasion (left hand)
 y - a ring of resist corrosion
 A - an amulet of guardian spirit (around neck)
 G - a ring of poison resistance
 R - a +4 ring of slaying (right hand)
Wands
 z - a wand of flame (49)
 F - a wand of charming (11)
 K - a wand of iceblast (2)
 N - a wand of digging (5)
 O - a wand of polymorph (3)
Scrolls
 g - a scroll of fog
 h - 3 scrolls of teleportation
 k - 4 scrolls of enchant armour
 p - a scroll of revelation
 I - a scroll of brand weapon
 J - a scroll of fear
 Q - a scroll of blinking
 S - 2 scrolls of identify
Potions
 d - 2 potions of brilliance
 e - 3 potions of haste
 f - 4 potions of might
 o - a potion of mutation {unknown}
 s - 2 potions of enlightenment {unknown}
 C - a potion of berserk rage {unknown}
 D - a potion of lignification {unknown}
 E - a potion of attraction {unknown}
 M - a potion of invisibility {unknown}
 P - a potion of magic {unknown}
 X - a potion of cancellation {unknown}


   Skills:
 * Level 12.7 Fighting
 - Level 3.6(9.8) Axes
 - Level 13.7(14.0) Maces & Flails
 - Level 2.8(3.7) Polearms
 + Level 11.5 Armour
 + Level 10.6 Dodging


You had 11 spell levels left.
You didn't know any spells.
Your spell library contained the following spells:

 Spells                   Type           Power      Damage    Failure   Level
 Blink                    Tloc           0%         N/A       96%         2
 Manifold Assault         Tloc           0%         N/A       100%        4
 Storm Form               Tmut/Air       0%         N/A       100%        7


Dungeon Overview and Level Annotations

Branches:
Dungeon (12/15)            Temple (0/1) D:5            Lair (0/5) D:8
    Orc (0/2) D:11

Altars:
Ashenzari
Trog
Yredelemnul

Shops:
D:3 *   D:11 (

Portals:
Gauntlet: D:12

Annotations:
D:11 2 transporters, knightboat's ghost, journeyman TeMo


Innate Abilities, Weirdness & Mutations

You have a pair of horns on your head.
You reflexively headbutt those who attack you in melee.


Message History

The large slime creature completely misses you.
The shadow slips into darkness.
The shadow flickers and vanishes!
Deactivating autopickup; reactivate with Ctrl-A.
The slime creature attacks as you move away!
The slime creature hits you but does no damage.
You impale the slime creature!!
You kill the slime creature!
Trog accepts your kill.
You barely miss the large slime creature.
The large slime creature is moderately wounded.
The large slime creature hits you!!
You puncture the large slime creature!
You feel better.
Your headbutt misses the large slime creature.
The large slime creature is moderately wounded.
The shadow strikes at you from the darkness!
* * * LOW HITPOINT WARNING * * *
Reactivating autopickup.
The slime creature hits you!
* * * LOW HITPOINT WARNING * * *
The large slime creature closely misses you.
You furiously retaliate!
You headbutt the large slime creature.
You feel much better. The shadow misses you. You furiously retaliate!
You headbutt the shadow!
Two slime creatures merge to form a very large slime creature.
The slime creature hits you!
Two slime creatures merge to form an enormous slime creature.
You feel better. The shadow barely misses you. You furiously retaliate!
You headbutt the shadow. The slime creature closely misses you.
You furiously retaliate!
You headbutt the slime creature!!
Your skin crawls.
You feel strong-willed. Trog will no longer gift you weapons.
The shadow closely misses you. You furiously retaliate!
You headbutt the shadow!!
You destroy the shadow!
Trog accepts your kill. The slime creature hits you.
The enormous slime creature hits you!!!
Ouch! That really hurt!
You die...

##....................†..
##........................
##....)....................
##..........................
##...........................
##..[.........................
##..............)..............
#...............†..............
#..............@..†....≈≈§.....^
..............JJO......≈§§......
................≈≈≈....≈≈≈......
................§§§.....§§......
................§≈§.............
...............!§§§.......§.....
...............∩......>...§≈≈≈..
..........[.........>. ≈≈≈..
..................... §≈≈..


You could see an enormous slime creature, a slime creature and an ogre.

Vanquished Creatures
  Rupert (D:12)
  Erolcha (D:10)
  7 two-headed ogres
  A boulder beetle (D:11)
  Amaemon (D:8)
  An ugly thing (D:11)
  2 cyclopes (D:11)
  A manticore (D:12)
  6 centaur zombies (D:10)
  A gargoyle (D:12)
  An orange demon (D:8)
  An unseen horror (D:12)
  A troll (D:11)
  A meliai zombie (D:10)
  A slime creature (D:12)
  2 shadows
  A wraith (D:12)
  3 wyverns
  11 yaks (D:10)
  7 vampire mosquitoes (D:12)
  Menkaure (D:5)
  2 steam dragons (D:9)
  3 acid dragons
  6 orc warriors
  3 sky beasts
  A black bear (D:6)
  An ogre (D:6)
  3 centaurs
  A phantom (D:5)
  A kobold brigand (D:10)
  A bullfrog (D:6)
  2 necrophages (D:10)
  2 scorpions
  5 wights
  3 howler monkeys (D:9)
  The ghost of rinse the Sneak, a weakling KoDe of Hepliaklqana (D:6)
  An electric eel (D:11)
  A human zombie (D:10)
  A hound (D:5)
  9 orc priests
  A sleepcap (D:5)
  3 iguanas
  8 orc wizards
  Robin (D:2)
  3 gnolls (D:11)
  8 adders
  2 shadow imps (D:7)
  A white imp (D:8)
  An ufetubus (D:6)
  2 worms
  2 dart slugs
  44 orcs
  7 ball pythons
  6 bats
  9 endoplasms
  A giant cockroach (D:4)
  13 goblins
  5 hobgoblins
  3 jackals (D:3)
  15 kobolds
  6 quokkas
  A frilled lizard (D:2)
  5 rats
246 creatures vanquished.

Vanquished Creatures (collateral kills)
  A komodo dragon (D:11)
  An orc warrior (D:11)
  A kobold brigand (D:11)
  A gnoll sergeant (D:11)
  A gnoll (D:11)
  2 kobolds (D:11)
7 creatures vanquished.

Grand Total: 253 creatures vanquished

Notes
Turn   | Place    | Note
-------+----------+-------------------------------------------
     0 | D:1      | uvd540 the Minotaur Berserker began the quest for the Orb.
     0 | D:1      | Reached XP level 1. HP: 19/19 MP: 0/0
     6 | D:1      | Upgraded the game from 0.31-a0-167-g1c394c0614 to
                  | 0.31-a0-174-g85c54bcb58
   242 | D:1      | Reached skill level 1 in Polearms
   373 | D:1      | Reached XP level 2. HP: 27/27 MP: 1/1
   710 | D:2      | Reached XP level 3. HP: 29/33 MP: 2/2
  1001 | D:2      | Found a faded altar of an unknown god.
  1003 | D:2      | Noticed Robin
  1027 | D:2      | Reached ** piety under Trog
  1029 | D:2      | Killed Robin
  1030 | D:2      | Reached XP level 4. HP: 25/40 MP: 3/3
  1314 | D:2      | You fall into a shaft and drop 1 floor!
  1340 | D:3      | Found Fozxouf's General Store.
  1355 | D:3      | Bought a scroll of identify for 20 gold pieces
  1355 | D:3      | Bought a scroll of enchant armour for 75 gold pieces
  1583 | D:3      | Reached skill level 1 in Maces & Flails
  2196 | D:4      | Reached XP level 5. HP: 47/47 MP: 4/4
  2490 | D:4      | Reached skill level 2 in Maces & Flails
  2828 | D:5      | Entered Level 5 of the Dungeon
  2866 | D:5      | Found a staircase to the Ecumenical Temple.
  2917 | D:5      | Reached skill level 3 in Maces & Flails
  2978 | D:5      | Reached XP level 6. HP: 55/55 MP: 5/5
  3018 | D:5      | Reached skill level 5 in Fighting
  3029 | D:5      | Noticed an orc warrior
  3043 | D:5      | Killed an orc warrior
  3044 | D:5      | Reached skill level 4 in Maces & Flails
  3211 | D:5      | Reached XP level 7. HP: 56/61 MP: 6/6
  3489 | D:5      | Noticed Menkaure
  3494 | D:5      | Killed Menkaure
  3495 | D:5      | Reached skill level 5 in Maces & Flails
  3845 | D:6      | Reached skill level 5 in Armour
  4040 | D:6      | Noticed a two-headed ogre
  4050 | D:6      | Killed a two-headed ogre
  4051 | D:6      | Reached skill level 7 in Maces & Flails
  4051 | D:6      | Reached skill level 5 in Dodging
  4051 | D:6      | Reached XP level 8. HP: 53/71 MP: 4/7
  4059 | D:6      | Reached *** piety under Trog
  4820 | D:6      | Reached skill level 8 in Maces & Flails
  4999 | D:6      | Found a runed translucent door.
  4999 | D:6      | Noticed rinse's ghost (weakling KoDe)
  5006 | D:6      | Killed rinse's ghost
  5311 | D:7      | Reached XP level 9. HP: 79/79 MP: 8/8
  6325 | D:8      | Identified the +3 scale mail of the Forgotten Spirits {rF-
                  | Will++ Regen+ rCorr}
  6361 | D:8      | Reached skill level 9 in Maces & Flails
  6521 | D:8      | Noticed Amaemon
  6521 | D:8      | Noticed an orange demon
  6542 | D:8      | Killed Amaemon
  6700 | D:8      | Killed an orange demon
  6701 | D:8      | Reached skill level 10 in Maces & Flails
  6796 | D:8      | Found a staircase to the Lair.
  7305 | D:9      | Noticed a two-headed ogre
  7314 | D:9      | Killed a two-headed ogre
  7315 | D:9      | Reached XP level 10. HP: 90/90 MP: 9/9
  7725 | D:9      | Reached skill level 11 in Maces & Flails
  7936 | D:10     | Entered Level 10 of the Dungeon
  7936 | D:10     | Noticed a two-headed ogre
  7938 | D:10     | Noticed a two-headed ogre
  7942 | D:10     | Killed a two-headed ogre
  7953 | D:10     | Killed a two-headed ogre
  8106 | D:10     | Noticed Erolcha
  8125 | D:10     | Killed Erolcha
  8126 | D:10     | Reached skill level 12 in Maces & Flails
  8148 | D:10     | Reached **** piety under Trog
  8366 | D:10     | Reached XP level 11. HP: 99/99 MP: 10/10
  8384 | D:10     | Reached skill level 10 in Fighting
  8395 | D:10     | Found a basalt altar of Yredelemnul.
  8489 | D:10     | Noticed a two-headed ogre
  8500 | D:10     | Killed a two-headed ogre
  8501 | D:10     | Reached skill level 13 in Maces & Flails
  8566 | D:10     | Found a broken altar of Ashenzari.
  8603 | D:10     | Reached skill level 10 in Armour
  8735 | D:10     | Identified the +8 sling of Fimbulwinter {drain, rElec
                  | Str+3}
  9168 | D:11     | Found a transporter.
  9173 | D:11     | Noticed a two-headed ogre
  9174 | D:11     | Found a bloodstained altar of Trog.
  9174 | D:11     | Noticed a two-headed ogre
  9174 | D:11     | Noticed knightboat's ghost (journeyman TeMo)
  9394 | D:11     | Noticed a red ugly thing
  9407 | D:11     | Killed a red ugly thing
  9658 | D:11     | Noticed a two-headed ogre
  9667 | D:11     | Killed a two-headed ogre
  9781 | D:11     | Noticed a two-headed ogre
  9792 | D:11     | Killed a two-headed ogre
  9793 | D:11     | Reached skill level 10 in Dodging
  9890 | D:11     | Found a transporter.
  9903 | D:11     | Noticed a deep troll
 10111 | D:11     | Found Doiq's Weapon Shoppe.
 10276 | D:11     | Found a staircase to the Orcish Mines.
 10522 | D:11     | Noticed a boulder beetle
 10531 | D:11     | Killed a boulder beetle
 10532 | D:11     | Reached XP level 12. HP: 111/111 MP: 11/11
 10575 | D:12     | Noticed Rupert
 10591 | D:12     | Killed Rupert
 10893 | D:11     | Identified a scroll of acquirement
 10893 | D:11     | Acquired a +2 morningstar of protection
 10962 | D:12     | Found a gate leading to a gauntlet.
 10993 | D:12     | Reached ***** piety under Trog
 11025 | D:12     | Mangled by an enormous slime creature

Illustrated notes

Levels and vault maps discovered:
D:1:      ebering_hopf_link, layout_loops_ring
D:2:      layout_loops_ring, shapermc_ecumenical_altar_starsandcircs,
          dk_noncrumbling_4, chequers_decorated_corner, st_stairs_9,
          chequers_garden, uniq_robin
D:3:      layout_loops_ring, serial_shops, shop
D:4:      layout_basic
D:5:      layout_cave_pods, temple_pool_b, uniq_menkaure
D:6:      layout_layer_cave, gammafunk_ghost_grave, minmay_hedge_maze
D:7:      layout_gridville
D:8:      layout_loops_cross, lair_entry_dummy, uniq_amaemon
D:9:      layout_cave_pods, grunt_decor_fettered
D:10:     layout_basic, lemuel_mausoleum_altar_yredelemnul,
          mainiacjoe_overflow_boulevard, special_room [special_room_orc],
          enter_bailey_2, library_closet, minivault_21, uniq_erolcha
D:11:     layout_basic, erik_orc_2, gammafunk_ghost_wrathful_warriors,
          serial_shops, shop
D:12:     layout_big_octagon, gauntlet_entry_generic, uniq_lodul, uniq_rupert,
          uniq_psyche

Skill      XL: |  1  2  3  4  5  6  7  8  9 10 11 12 |
---------------+-------------------------------------+-----
Polearms       | 1 2 |  2.8
Fighting       | 4 5 6 7 8 9 11 12 | 12.7
Armour         | 3 4 6 8 9 10 11 | 11.5
Dodging        | 3 4 5 6 7 8 10 | 10.6
Maces & Flails | 1 3 4 7 8 10 12 13 | 13.7
Axes           | |  3.6

Action                     |  1- 3 |  4- 6 |  7- 9 | 10-12 || total
---------------------------+-------+-------+-------+-------++-------
  Melee: Spear             |    66 |     2 |       |       ||    68
         Headbutt          |     6 |    15 |    24 |    57 ||   102
         Mace              |       |    91 |   129 |   244 ||   464
         Punch             |       |     1 |     5 |     4 ||    10
         Dagger            |       |       |       |     5 ||     5
         Morningstar       |       |       |       |    27 ||    27
  Throw: Javelin           |     3 |       |     2 |    14 ||    19
 Invoke: Berserk           |     1 |     1 |     5 |     2 ||     9
         Trog's Hand       |       |     1 |     3 |     3 ||     7
         Brothers in Arms  |       |       |       |     1 ||     1
  Evoke: Wand              |       |       |     4 |     5 ||     9
    Use: Scroll            |       |     5 |     8 |     8 ||    21
         Potion            |       |       |     3 |     5 ||     8
 Armour: Troll leather arm |    24 |    21 |       |       ||    45
         Chain mail        |       |       |    31 |    57 ||    88
         Scale mail        |       |       |    43 |    36 ||    79
         Skin              |       |       |       |     1 ||     1
  Dodge: Dodged            |    37 |    82 |   113 |   233 ||   465

Table legend: (Time is in decaauts)
 A = Elapsed time spent in this place.
 B = Non-inter-level travel time spent in this place.
 C = Inter-level travel time spent in this place.
 D = Time resting spent in this place.
 E = Time spent auto-exploring this place.
 F = Levels seen in this place.
 G = Mean time per level.
                   A        B        C        D        E       F      G
               +--------+--------+--------+--------+--------+-----+--------+
         Total |  11163 |  10792 |    371 |    438 |   7366 |  12 |  930.2 |
       Dungeon |  11163 |  10792 |    371 |    438 |   7366 |  12 |  930.2 |
               +--------+--------+--------+--------+--------+-----+--------+

Top non-repeatable levels by time:
    D:11: 1642 daAuts
     D:6: 1437 daAuts
    D:10: 1198 daAuts
     D:7: 1064 daAuts
     D:5: 1057 daAuts
     D:4: 923 daAuts
     D:9: 834 daAuts
     D:8: 770 daAuts
     D:2: 690 daAuts
     D:1: 671 daAuts
     D:3: 636 daAuts
    D:12: 237 daAuts
